 Dungeon Crawl Stone Soup version 0.26.0-10-g1f06aea511 (webtiles) character file.

Game seed: 3365783032000897534

3397 inc the Jinx (level 9, -10/41 HPs)
             Began as a Felid Enchanter on Jan 30, 2021.
             Was a Follower of Uskayaw.
             Killed by divine providence
             ... invoked by an orc priest
              (16 damage)
             ... on level 9 of the Dungeon.
             The game lasted 00:21:39 (14490 turns).

inc the Jinx (Felid Enchanter)                     Turns: 14490, Time: 00:21:40

Health: -10/41     AC:  2    Str:  4      XL:     9   Next: 75%
Magic:  13/13      EV: 27    Int: 17      God:    Uskayaw [*.....]
Gold:   558        SH:  0    Dex: 18 (19) Spells: 4/12 levels left
                                        Lives:  0   Deaths: 2

rFire    . . .     SeeInvis +     - Unarmed
rCold    + . .     Faith    .   (shield unavailable)
rNeg     . . .     Spirit   .   (armour unavailable)
rPois    +         Reflect  .   (helmet unavailable)
rElec    .         Harm     .   (cloak unavailable)
rCorr    .         Rampage  .   (gloves unavailable)
Will     +....                  (boots unavailable)
Stlth    ++++......             (no amulet)
HPRegen  0.13/turn              n - ring of Midwinter {+Inv +Fly rPois rC+}
MPRegen  0.13/turn              m - +4 ring of evasion

@: quick
A: very small, no armour, no weapons or thrown items, stealth, claws 1, fangs 3,
see invisible, speed 1, shaggy fur 2, sharp paws
a: Renounce Religion, Evoke Invisibility, Evoke Flight, Stomp


You were on level 9 of the Dungeon.
You worshipped Uskayaw.
Uskayaw was noncommittal.
You visited 2 branches of the dungeon, and saw 11 of its levels.

You collected 558 gold pieces.

Inventory:

Jewellery
 c - an uncursed ring of protection from cold
 m - a +4 ring of evasion (right paw)
 n - the ring of Midwinter (left paw) {+Inv +Fly rPois rC+}
   (You found it on level 4 of the Dungeon)

   [ring of protection from cold]

   It protects you from cold.
   It protects you from poison.
   It lets you turn invisible.
   It lets you fly.
 u - a +6 ring of strength
Wands
 t - a wand of polymorph (9)
 v - a wand of random effects (21)
Scrolls
 b - 2 scrolls of teleportation
 d - 2 scrolls of immolation {unknown}
 e - 2 scrolls of remove curse
 g - 6 scrolls of amnesia
 i - 8 scrolls of identify
 k - 2 scrolls of magic mapping
 l - a scroll of fog {unknown}
 r - 2 scrolls of blinking
 x - a scroll of fear {unknown}
 y - a scroll of vulnerability {unknown}
Potions
 a - a potion of cancellation {unknown}
 f - a potion of haste
 h - a potion of degeneration {unknown}
 j - 2 potions of curing
 o - a potion of attraction {unknown}
 p - 2 potions of heal wounds {unknown}
 q - a potion of brilliance {unknown}
 s - a potion of lignification {unknown}
 w - a potion of might {unknown}


   Skills:
 - Level 5.9 Fighting
 - Level 7.3 Dodging
 + Level 8.1 Stealth
 + Level 5.9 Unarmed Combat
 - Level 2.0 Spellcasting
 - Level 10.7 Hexes
 - Level 2.5 Ice Magic
 - Level 5.1 Evocations


You had 4 spell levels left.
You knew the following spells:

 Your Spells              Type           Power        Failure   Level
a - Tukima's Dance        Hex            38%          1%          3
b - Ensorcelled Hibernat  Hex/Ice        48%          1%          2
c - Confusing Touch       Hex            38%          1%          3

Your spell library contained the following spells:

 Spells                   Type           Power        Failure   Level
 Corona                   Hex            42%          1%          1
 Dazzling Flash           Conj/Hex       40%          6%          3


Dungeon Overview and Level Annotations

Branches:
Dungeon (10/15)            Temple (1/1) D:5
   Lair: D:8-11         Orc: D:9-12

Altars:
Ashenzari
Cheibriados
Dithmenos
Elyvilon
Fedhas
Gozag
Hepliaklqana
Kikubaaqudgha
Makhleb
Nemelex Xobeh
Okawaru
Qazlal
Ru
Sif Muna
Trog
Uskayaw
Vehumet
Wu Jian
Xom
Yredelemnul
Zin
The Shining One

Shops:
D:6 (

Annotations:
D:9 3 runed translucent doors, inc's ghost, novice OpTm


Innate Abilities, Weirdness & Mutations

You cannot wear armour.
You are incapable of wielding weapons or throwing items.
Your paws allow you to move quietly. (Stealth)
You have sharp claws.
You have razor-sharp teeth.
You have supernaturally acute eyesight. (SInv)
You cover ground quickly.
You are covered in thick fur. (AC +2)
Your sharp claws are effective at attacking unaware monsters.


Message History

You climb downwards.
Found 31 gold pieces and a scroll of teleportation.
There is a stone staircase leading up here.
You start resting.
Magic restored.
You start resting.
A tengu warrior comes into view. It is wielding a +0 great sword.
You climb upwards.
Level annotation: 3 runed translucent doors, inc's ghost, novice OpTm The orc barely misses you.
The orc priest mumbles some strange prayers to Beogh against you.
Beogh smites you!
* * * LOW HITPOINT WARNING * * *
The orc completely misses you.
There is a stone staircase leading down here.
The orc hits you from afar with a +0 trident.
* * * LOW HITPOINT WARNING * * *
The orc priest invokes the aid of Beogh against you.
Beogh smites you!
You die...

#<.###..## ##....#
...## ##..## ##.....##
...# ##.o## ##.......##
..## ##o.###
###.........## ..
##o..#####....#####.).#
[.
#########.o........##
##### #.
Z/#W#.Z#.o........# #.
##.(?(.#####.......#
#Z...... ##@....##
##.....## ##....#
#Z...(.Z# #....##
###+++### ##....#
#.......# ####.....#
###...#####........##
#.......≈.≈...#...##
##..###≈.≈.≈.####<.##
#### ##...#.# ##..##


You could see an orc priest, an orc wizard and 3 orcs.

Vanquished Creatures
  A yak (D:6)
  An orc warrior (D:8)
  An ice beast (D:7)
  2 sky beasts
  A black bear (D:8)
  3 phantoms
  3 ogres
  A necrophage (D:6)
  2 centaurs
  A big kobold (D:8)
  6 bullfrogs
  6 scorpions
  5 killer bees
  A jelly (D:5)
  A centaur zombie (D:6)
  2 quasits
  A gnoll shaman (D:6)
  3 hounds
  4 iguanas
  An orc priest (D:7)
  2 orc wizards
  11 worker ants
  Terence (D:2)
  A hound skeleton (D:8)
  A howler monkey zombie (D:5)
  8 gnolls
  7 adders
  A shadow imp (D:7)
  2 white imps
  3 ufetubi
  An ooze (D:2)
  2 adder skeletons (D:6)
  3 adder zombies
  6 worms
  4 dart slugs
  2 leopard geckos (D:2)
  23 orcs
  12 giant cockroaches
  5 goblins
  2 hobgoblins (D:1)
  15 jackals
  2 quokkas
  A ball python (D:3)
  A ball python skeleton (D:4)
  7 bats
  8 frilled lizards
  16 kobolds
  A leopard gecko skeleton (D:4)
  A leopard gecko zombie (D:8)
  A quokka skeleton (D:5)
  11 rats
207 creatures vanquished.

Vanquished Creatures (collateral kills)
  A two-headed ogre (D:7)
  4 wights (D:6)
5 creatures vanquished.

Vanquished Creatures (others)
  A dancing weapon (D:7)
1 creature vanquished.

Grand Total: 213 creatures vanquished

Notes
Turn   | Place    | Note
-------+----------+-------------------------------------------
     0 | D:1      | inc the Felid Enchanter began the quest for the Orb.
     0 | D:1      | Reached XP level 1. HP: 7/7 MP: 4/4
   177 | D:1      | Reached skill level 1 in Fighting
   179 | D:1      | Reached XP level 2. HP: 10/12 MP: 6/6
  1429 | D:2      | Reached XP level 3. HP: 16/16 MP: 7/7
  1432 | D:2      | Learned a level 2 spell: Ensorcelled Hibernation
  2331 | D:2      | Reached XP level 4. HP: 17/20 MP: 5/8
  2502 | D:2      | Noticed Terence
  2803 | D:2      | Killed Terence
  2923 | D:2      | Killed from afar by an orc wizard
  2924 | D:2      | Reached XP level 3. HP: -4/16 MP: 0/7
  3006 | D:2      | Reached XP level 4. HP: 15/21 MP: 2/8
  3884 | D:3      | Reached XP level 5. HP: 24/24 MP: 1/9
  4684 | D:4      | Gained mutation: You are covered in thick fur. (AC +2)
                  | [Felid growth]
  4684 | D:4      | Reached XP level 6. HP: 28/28 MP: 10/10
  4688 | D:4      | Reached skill level 5 in Dodging
  4970 | D:4      | Got a smoking lead ring
  5201 | D:5      | Entered Level 5 of the Dungeon
  5505 | D:5      | Reached skill level 5 in Fighting
  5563 | D:5      | Found a staircase to the Ecumenical Temple.
  5762 | Temple   | Entered the Ecumenical Temple
  5801 | Temple   | Became a worshipper of Uskayaw the Reveller
  6095 | D:5      | Reached * piety under Uskayaw
  6195 | D:5      | Reached ** piety under Uskayaw
  6198 | D:5      | Reached XP level 7. HP: 33/33 MP: 0/11
  6942 | D:5      | Shot with an arrow by a centaur
  6943 | D:5      | Reached XP level 6. HP: -3/31 MP: 7/10
  7044 | D:5      | Identified the ring of Midwinter {+Inv +Fly rPois rC+} (You
                  | found it on level 4 of the Dungeon)
  7724 | D:6      | Reached XP level 7. HP: 34/34 MP: 11/11
  8231 | D:6      | Learned a level 3 spell: Tukima's Dance
  8273 | D:6      | Learned a level 3 spell: Confusing Touch
  8341 | D:6      | Reached skill level 5 in Hexes
  8348 | D:6      | Reached *** piety under Uskayaw
  8490 | D:6      | Reached skill level 6 in Hexes
  8678 | D:6      | Reached skill level 7 in Hexes
  9076 | D:6      | Reached XP level 8. HP: 24/36 MP: 2/12
  9229 | D:6      | Reached skill level 8 in Hexes
  9474 | D:6      | Reached skill level 9 in Hexes
  9691 | D:6      | Reached skill level 10 in Hexes
 10034 | D:6      | Found Oriziew's Antique Weapon Boutique.
 11032 | D:7      | Reached skill level 1 in Ice Magic
 11321 | D:7      | Identified the +1 robe of Light {+Inv +Fly rF- Dex+2}
 11741 | D:6      | Reached skill level 5 in Evocations
 11741 | D:6      | Reached XP level 9. HP: 39/41 MP: 10/13
 11882 | D:7      | Noticed a two-headed ogre
 12146 | D:7      | Killed a two-headed ogre
 12147 | D:7      | Reached skill level 5 in Stealth
 12789 | D:7      | Reached skill level 5 in Unarmed Combat
 13303 | D:8      | Found a burning altar of Makhleb.
 13303 | D:8      | Noticed an Executioner
 13576 | D:8      | Found a sacrificial altar of Ru.
 13897 | D:8      | Noticed a hellwing
 14385 | D:9      | Found a sacrificial altar of Ru.
 14395 | D:9      | Found a runed translucent gate.
 14396 | D:9      | Found a runed translucent gate.
 14396 | D:9      | Found a runed translucent gate.
 14399 | D:9      | Noticed inc's ghost (novice OpTm)
 14399 | D:9      | Noticed a spectral centaur warrior
 14430 | D:10     | Entered Level 10 of the Dungeon
 14482 | D:10     | Noticed a tengu warrior
 14490 | D:9      | Killed from afar by an orc priest

Illustrated notes

Levels and vault maps discovered:
D:1:      scummos_arrival_hexagon, layout_loops_ring, dk_noncrumbling_3,
          hangedman_decor_slide_cut, hangedman_decor_points,
          chequers_serial_rivers_marsh
D:2:      minmay_razor_zed, layout_loops_cross, uniq_terence
D:3:      layout_loops_ring
D:4:      layout_basic, nicolae_underground_beach
D:5:      layout_loops_corners, minmay_temple_entry_junction
D:6:      minmay_recursive_quarters, layout_basic, serial_shops, shop,
          minivault_1, grunt_ministairs_11
D:7:      layout_basic
D:8:      layout_loops_ring, marbit_many_paths, makhleb_altar_promises_db
D:9:      layout_layer_cave, david_lair_shrubbed, gammafunk_ghost_necromancy,
          grunt_decor_cap, nicolae_ru_path_of_blood, uniq_erica
D:10:     layout_layer_cave, uniq_josephine
Temple:   regret_index_temple_sigil_plot

Skill      XL: |  1  2  3  4  5  6  7  8  9 |
---------------+----------------------------+-----
Fighting       | 1 3 4 5 |  5.9
Unarmed Combat | 2 3 5 |  5.9
Dodging        | 3 4 6 7 |  7.3
Evocations     | 2 4 5 |  5.1
Hexes          | 7 10 | 10.7
Ice Magic      | 2 |  2.5
Stealth        | 8 |  8.1
Spellcasting   | |  2.0

Action                   |  1- 3 |  4- 6 |  7- 9 || total
-------------------------+-------+-------+-------++-------
Melee: Unarmed           |    96 |   178 |   325 ||   599
       Bite              |    11 |     7 |    43 ||    61
       Punch             |     1 |     1 |     3 ||     5
 Cast: Corona            |     5 |       |       ||     5
       Ensorcelled Hiber |    16 |    72 |   103 ||   191
       Tukima's Dance    |       |       |    11 ||    11
       Confusing Touch   |       |       |    12 ||    12
Invok: Stomp             |       |       |     1 ||     1
 Abil: Evoke Invisibilit |       |       |     1 ||     1
  Use: Scroll            |       |     9 |       ||     9
       Potion            |       |       |     1 ||     1
 Stab: Sleeping          |    28 |    54 |    67 ||   149
       Distracted        |       |     1 |     1 ||     2
       Paralysed         |       |       |     3 ||     3
       Confused          |       |       |     9 ||     9
       Invisible         |       |       |     4 ||     4
Armor: Skin              |     5 |     4 |    11 ||    20
Dodge: Dodged            |    52 |   163 |   392 ||   607
